 Dungeon Crawl Stone Soup version 0.24-a0-652-g46ecf6da75 (webtiles) character file.

Game seed: 9744519651735263307, levelgen mode: deterministic

1188 Lentor the Cudgeler (level 8, -12/48 HPs)
             Began as a Gargoyle Fighter on Sept 26, 2019.
             Was a Follower of Okawaru.
             Mangled by an ogre
             ... wielding a +0 giant club
              (20 damage)
             ... on level 6 of the Dungeon.
             The game lasted 00:11:06 (5052 turns).

Lentor the Cudgeler (Gargoyle Fighter)              Turns: 5052, Time: 00:11:07

Health: -12/48     AC: 13    Str: 21    XL:     8   Next: 43%
Magic:  8/8        EV:  8    Int:  9    God:    Okawaru [*.....]
Gold:   240        SH: 10    Dex: 10    Spells: 7/7 levels left

rFire    . . .     SeeInvis .   s - +4 flail
rCold    . . .     Gourm    .   c - +0 shield
rNeg     + . .     Faith    .   b - +0 scale mail
rPois    ∞         Spirit   .   (no helmet)
rElec    +         Reflect  .   (no cloak)
rCorr    .         Harm     .   (no gloves)
MR       .....                  (no boots)
Stlth    ..........             (no amulet)
HPRegen  0.16/turn              (no ring)
MPRegen  0.11/turn              (no ring)

@: no status effects
A: negative energy resistance 1, electricity resistance, unbreathing,
petrification resistance, rot immunity, AC +5
a: Heroism, Renounce Religion


You were on level 6 of the Dungeon.
You worshipped Okawaru.
Okawaru was aware of your devotion.
You were not hungry.

You visited 2 branches of the dungeon, and saw 7 of its levels.
You also visited: Ossuary.

You collected 240 gold pieces.

Inventory:

Hand Weapons
 s - a +4 flail (weapon)
Missiles
 l - 114 stones (quivered)
Armour
 b - a +0 scale mail (worn)
 c - a +0 shield (worn)
Jewellery
 g - an uncursed ring of protection from fire {unknown}
 n - a cursed -2 ring of protection {unknown}
Wands
 o - a wand of polymorph (6)
Scrolls
 h - 2 scrolls of noise {unknown}
 i - 4 scrolls of remove curse {unknown}
 j - 2 scrolls of teleportation {unknown}
 k - 5 scrolls of identify {unknown}
 p - a scroll of blinking {unknown}
 q - 2 scrolls of enchant armour {unknown}
 r - a scroll of enchant weapon {unknown}
 t - a scroll of magic mapping {unknown}
 v - a scroll of fog {unknown}
Potions
 a - a potion of resistance {unknown}
 d - 4 potions of might
 e - 2 potions of curing
 m - 2 potions of brilliance {unknown}
 u - a potion of magic {unknown}
Comestibles
 f - 8 rations


   Skills:
 + Level 4.7 Fighting
 + Level 6.5 Maces & Flails
 + Level 5.6 Armour
 + Level 2.0 Dodging
 + Level 0.4 Stealth
 + Level 5.9 Shields


You had 7 spell levels left.
You didn't know any spells.
Your spell library was empty.

Dungeon Overview and Level Annotations

Branches:
Dungeon (6/15)             Temple (1/1) D:4         Ossuary (visited)

Altars:
Ashenzari
Cheibriados
Dithmenos
Elyvilon
Fedhas
Hepliaklqana
Makhleb
Okawaru
Qazlal
Ru
Sif Muna
Vehumet
Wu Jian
Xom
Yredelemnul
Zin
The Shining One


Innate Abilities, Weirdness & Mutations

You are resistant to torment.
Your stone body is resilient. (AC +5)
You are immune to poison.
You resist negative energy. (rN+)
You are resistant to electric shocks. (rElec)
You can survive without breathing.
You are immune to petrification.
You are immune to rotting.


Message History

The phantom blinks!
All of the chunks of flesh in your inventory have rotted away.
An ogre comes into view. It is wielding a +0 giant club.
An iguana comes into view.
The iguana hisses angrily.
You bludgeon the ogre!!
The ogre is severely wounded.
A bullfrog comes into view.
The ogre hits you with a +0 giant club!!
Ouch! That really hurt!
* * * LOW HITPOINT WARNING * * *
The bullfrog croaks.
You hit the ogre.
The ogre is almost dead.
The ogre hits you with a +0 giant club.
* * * LOW HITPOINT WARNING * * *
You hit the ogre.
The ogre is almost dead.
The ogre hits you with a +0 giant club!!
You die...

#>..# #...#
#...## #....###
#......### ..
#...##W..## #..
#...####..## ..
#....# ##..# .#
####h#
##@#####.# #.##
#O#.....# .##
#Z.# #...o..#
o.## ##.#
##.....####
o...[ #.#
#........#
....# #.#
##.......#o.o..
#.#
#...l.o.#..#
#.#
#.......!..#
#.#
#..........#


You could see a phantom, an ogre and an iguana.

Vanquished Creatures
  An ogre (D:6)
  A scorpion (D:4)
  3 wights
  2 howler monkeys
  A crimson imp (D:4)
  A jelly (D:4)
  A centaur zombie (D:6)
  2 orc priests
  A centaur skeleton (D:5)
  5 hounds
  An iguana (D:4)
  Terence (D:2)
  4 worker ants
  3 orc wizards
  A hound skeleton (D:5)
  3 mummies (Ossuary)
  A worker ant zombie (Ossuary)
  7 gnolls
  4 adders
  2 oozes
  An adder skeleton (D:5)
  An adder zombie (D:5)
  2 worms (D:2)
  5 dart slugs
  2 leopard geckos (D:3)
  19 orcs
  3 giant cockroaches
  6 goblins
  4 hobgoblins
  2 jackals (D:2)
  6 kobolds
  3 quokkas
  2 ball pythons
  5 bats
  4 frilled lizards
  A jackal zombie (Ossuary)
  A quokka zombie (Ossuary)
  7 rats
119 creatures vanquished.

Vanquished Creatures (others)
  A withered plant (Ossuary)
1 creature vanquished.

Grand Total: 120 creatures vanquished

Notes
Turn   | Place    | Note
-------+----------+-------------------------------------------
     0 | D:1      | Lentor the Gargoyle Fighter began the quest for the Orb.
     0 | D:1      | Reached XP level 1. HP: 14/14 MP: 1/1
   346 | D:1      | Reached XP level 2. HP: 15/19 MP: 2/2
   791 | D:1      | Found a shimmering blue altar of Sif Muna.
   899 | D:2      | Reached XP level 3. HP: 18/23 MP: 3/3
  1141 | D:2      | Noticed Terence
  1151 | D:2      | Killed Terence
  1151 | D:2      | Reached XP level 4. HP: 25/29 MP: 4/4
  1474 | D:2      | Found a blossoming altar of Fedhas.
  1769 | D:3      | Reached skill level 3 in Maces & Flails
  2157 | D:3      | Reached XP level 5. HP: 31/33 MP: 5/5
  2262 | D:3      | Reached skill level 1 in Dodging
  2658 | D:4      | Reached XP level 6. HP: 38/38 MP: 6/6
  2661 | D:5      | Entered Level 5 of the Dungeon
  2673 | D:4      | Reached skill level 4 in Maces & Flails
  3075 | D:4      | Reached XP level 7. HP: 28/43 MP: 7/7
  3214 | D:5      | Found a sand-covered staircase.
  3223 | Ossuary  | Entered an ossuary
  3268 | Ossuary  | Reached skill level 5 in Maces & Flails
  3294 | Ossuary  | HP: 1/43 [killer bee zombie (5)]
  3302 | D:5      | Reached skill level 5 in Shields
  3657 | D:4      | Reached skill level 5 in Armour
  3724 | D:4      | Found a staircase to the Ecumenical Temple.
  3728 | Temple   | Entered the Ecumenical Temple
  3851 | Temple   | Became a worshipper of Warmaster Okawaru
  4240 | D:5      | Reached XP level 8. HP: 43/48 MP: 8/8
  4274 | D:5      | Reached skill level 6 in Maces & Flails
  4821 | D:6      | Reached * piety under Okawaru
  5052 | D:6      | Mangled by an ogre

Levels and vault maps discovered:
D:1:      dpeg_arrival_lava_altar, layout_basic, minmay_misc_feat_rows
D:2:      layout_loops_ring, fedhas_altar_4, uniq_terence
D:3:      layout_loops_corners, first_ration
D:4:      layout_cave_pools, minmay_temple_entry_grid
D:5:      layout_basic, nicolae_ossuary_entry_ruins
D:6:      layout_rooms
Temple:   eino_temple_rhombus

Skill      XL: |  1  2  3  4  5  6  7  8 |
---------------+-------------------------+-----
Armour         | 4 5 |  5.6
Maces & Flails | 3 4 5 6 |  6.5
Shields        | 4 5 |  5.9
Dodging        | 1 2 |  2.0
Fighting       | 4 |  4.7
Stealth        | |  0.4

Action                   |  1- 3 |  4- 6 |  7- 9 || total
-------------------------+-------+-------+-------++-------
Melee: Flail             |   114 |   255 |   202 ||   571
  Eat: Chunk             |     1 |     5 |     5 ||    11
       Ration            |       |       |     1 ||     1
Armor: Scale mail        |    49 |   142 |    94 ||   285
Dodge: Dodged            |    32 |    94 |    55 ||   181
Block: Shield            |    59 |   138 |   103 ||   300

Table legend:
 A = Non-vault XP
 B = Vault XP
 C = Vault XP percentage of total XP
 D = Non-vault monster count
 E = Vault monster count
 F = Vault count percentage of total count
                 A         B        C        D         E       F
            +---------+---------+-------+---------+---------+-------
      Total |    1590 |     108 |   6.4 |     112 |       7 |   5.9
            +---------+---------+-------+---------+---------+-------
        D:1 |      24 |       0 |   0.0 |      15 |       0 |   0.0
        D:2 |      41 |      36 |  46.8 |      15 |       1 |   6.2
        D:3 |     330 |       0 |   0.0 |      40 |       0 |   0.0
        D:4 |     519 |       0 |   0.0 |      16 |       0 |   0.0
        D:5 |     412 |       0 |   0.0 |      18 |       0 |   0.0
        D:6 |     264 |       0 |   0.0 |       8 |       0 |   0.0
    Ossuary |       0 |      72 | 100.0 |       0 |       6 | 100.0
            +---------+---------+-------+---------+---------+-------
